 Dungeon Crawl Stone Soup version 0.29.1-13-g9f3cf754e1 (webtiles) character file.

Game seed: 15969748980435585934

827 cheesebisquit the Skirmisher (level 7, -2/56 HPs)
             Began as a Minotaur Hunter on Jan 28, 2023.
             Slain by a cyan ugly thing (14 damage)
             ... on level 6 of the Dungeon.
             The game lasted 00:19:32 (7935 turns).

cheesebisquit the Skirmisher (Minotaur Hunter)      Turns: 7935, Time: 00:19:32

Health: -2/56      AC:  7    Str: 21    XL:     7   Next: 64%
Magic:  6/6        EV: 12    Int:  6    God:
Gold:   22         SH:  0    Dex: 16    Spells: 6/6 levels left

rFire   . . .      SeeInvis .   a - +2 shortbow
rCold   . . .      Faith    .   (shield currently unavailable)
rNeg    . . .      Spirit   .   c - +0 leather armour
rPois   .          Reflect  .   (helmet restricted)
rElec   .          Harm     .   (no cloak)
rCorr   .          Rampage  .   l - +1 pair of gloves
Will    .....                   A - +1 pair of boots
Stlth   ++........              (no amulet)
HPRegen 0.18/turn               z - +6 ring of strength
MPRegen 0.10/turn               (no ring)

@: hasted, very quick
A: horns 2, retaliatory headbutt
a: no special abilities


You were on level 6 of the Dungeon.
You visited 1 branch of the dungeon, and saw 6 of its levels.

You collected 275 gold pieces.
You spent 253 gold pieces at shops.

Inventory:

Hand Weapons
 a - a +2 shortbow (weapon)
Missiles
 I - 2 throwing nets
Armour
 c - a +0 leather armour (worn)
 k - a +0 buckler
 l - a +1 pair of gloves (worn)
 A - a +1 pair of boots (worn)
Jewellery
 z - a +6 ring of strength (left hand)
Wands
 s - a wand of polymorph (17)
 u - a wand of acid (9)
 y - a wand of roots (9)
 C - a wand of mindburst (16)
 H - a wand of flame (24)
Scrolls
 b - 3 scrolls of immolation
 d - a scroll of amnesia
 e - a scroll of acquirement {unknown}
 h - a scroll of vulnerability {unknown}
 n - a scroll of fear {unknown}
 q - a scroll of fog {unknown}
 r - a scroll of noise
 D - a scroll of torment {unknown}
 E - a scroll of poison {unknown}
 F - a scroll of identify {unknown}
Potions
 f - a potion of mutation {unknown}
 g - 2 potions of degeneration
 i - a potion of ambrosia
 j - 3 potions of brilliance
 m - 2 potions of flight {unknown}
 o - 2 potions of haste
 p - 2 potions of heal wounds {unknown}
 t - a potion of resistance
 v - a potion of might {unknown}
 w - 3 potions of curing
 x - a potion of magic {unknown}
 G - 2 potions of lignification


   Skills:
 - Level 2.5 Fighting
 + Level 10.4 Ranged Weapons
 - Level 2.3 Dodging
 - Level 1.0 Stealth


You had 6 spell levels left.
You didn't know any spells.
Your spell library contained the following spells:

 Spells                   Type           Power      Damage    Failure   Level
 Sandblast                Erth           0%         2d4       50%         1
 Ensorcelled Hibernation  Hex/Ice        0%         N/A       65%         2
 Passwall                 Tmut/Erth      0%         N/A       65%         2
 Static Discharge         Conj/Air       0%         3-3/arc   65%         2
 Stone Arrow              Conj/Erth      0%         3d7       86%         3
 Swiftness                Air            0%         N/A       86%         3
 Dispel Undead            Necr           0%         3d6       99%         4
 Fulminant Prism          Conj/Hex       0%         3d6       99%         4
 Iskenderun's Mystic Bla  Conj/Tloc      0%         2d3       99%         4
 Sticky Flame             Conj/Fire      0%         2d3       99%         4
 Fireball                 Conj/Fire      0%         3d3       100%        5
 Lee's Rapid Deconstruct  Erth           0%         3d5*      100%        5
 Starburst                Conj/Fire      0%         6d3       100%        6
 Ignition                 Fire           0%         3d3       100%        8


Dungeon Overview and Level Annotations

Branches:
Dungeon (6/15)
 Temple: D:4-7

Altars:
Fedhas
Ru
Sif Muna

Shops:
D:6 !

Annotations:
D:5 1 runed translucent door, Crazy Yiuf


Innate Abilities, Weirdness & Mutations

You have a pair of horns on your head.
You reflexively headbutt those who attack you in melee.


Message History

Done waiting.
Found Xisihism's Distillery.
There is an entrance to Xisihism's Distillery here.
w - 2 potions of curing
g - 2 potions of degeneration (gained 1)
G - 2 potions of lignification (gained 1)
o - 3 potions of haste (gained 1);
w - 3 potions of curing (gained 1) Thank you for shopping at Xisihism's Distillery!
You can access your shopping list by pressing '$'.
As you read the scroll of enchant weapon, it crumbles to dust.
Your +1 shortbow glows red for a moment.
Found a stone staircase leading down.
A cyan ugly thing comes into view.
You shoot an arrow.
The arrow closely misses the cyan ugly thing.
The cyan ugly thing gurgles horribly!
You shoot an arrow.
The arrow closely misses the cyan ugly thing.
You shoot an arrow. The arrow hits the cyan ugly thing!
The cyan ugly thing is lightly wounded.
You shoot an arrow. The arrow hits the cyan ugly thing!
The cyan ugly thing is moderately wounded.
You shoot an arrow. The arrow hits the cyan ugly thing.
The cyan ugly thing is moderately wounded.
You shoot an arrow.
The arrow closely misses the cyan ugly thing.
You shoot an arrow. The arrow hits the cyan ugly thing.
The cyan ugly thing is moderately wounded.
The cyan ugly thing barely misses you. The cyan ugly thing kicks you!
The cyan ugly thing shocks you!
You are too injured to fight recklessly!
The cyan ugly thing attacks as you move away!
The cyan ugly thing kicks you. The cyan ugly thing shocks you!
* * * LOW HITPOINT WARNING * * *
Okay, then.
Okay, then.
You feel yourself speed up. The cyan ugly thing kicks you.
* * * LOW HITPOINT WARNING * * *
The cyan ugly thing shocks you!
You die...

............. ............
........... .......... .......
#...# #.#.# ##u#.# #.@#.#
######..#.# #######
........#.#####.....####
#######.........∩..............
###....§)).......#.#.........##
#...#.#########....#####.....#
..##..# #....# ###...# ####.##
#.#..#####....##### # #.#
#.#................


You could see a cyan ugly thing.

Vanquished Creatures
  A centaur (D:6)
  2 gnoll sergeants
  A scorpion (D:4)
  4 hounds
  A jelly (D:5)
  3 iguanas
  An orc wizard (D:3)
  Robin (D:3)
  7 adders
  13 gnolls
  A worm (D:3)
  2 dart slugs
  6 orcs (D:3)
  9 ball pythons
  7 endoplasms
  2 giant cockroaches
  8 hobgoblins
  4 quokkas
  6 bats
  A frilled lizard (D:2)
  18 goblins
  9 kobolds
  8 rats
115 creatures vanquished.

Notes
Turn   | Place    | Note
-------+----------+-------------------------------------------
     0 | D:1      | cheesebisquit the Minotaur Hunter began the quest for the
                  | Orb.
     0 | D:1      | Reached XP level 1. HP: 18/18 MP: 0/0
   194 | D:1      | Reached skill level 1 in Stealth
   232 | D:1      | Reached XP level 2. HP: 25/25 MP: 1/1
   571 | D:1      | Reached skill level 5 in Ranged Weapons
  1045 | D:2      | Reached XP level 3. HP: 30/30 MP: 2/2
  1555 | D:2      | Found a faded altar of an unknown god.
  1561 | D:2      | Reached skill level 6 in Ranged Weapons
  1738 | D:3      | Reached XP level 4. HP: 37/37 MP: 3/3
  1804 | D:3      | Noticed Robin
  1893 | D:3      | Killed Robin
  1949 | D:3      | Found a shimmering blue altar of Sif Muna.
  1949 | D:3      | Found a blossoming altar of Fedhas.
  2467 | D:3      | Reached XP level 5. HP: 28/42 MP: 4/4
  2476 | D:3      | Reached skill level 7 in Ranged Weapons
  3408 | D:4      | Reached XP level 6. HP: 50/50 MP: 5/5
  3422 | D:4      | Reached skill level 8 in Ranged Weapons
  3959 | D:4      | Found a sacrificial altar of Ru.
  4174 | D:5      | Entered Level 5 of the Dungeon
  4373 | D:5      | Reached skill level 9 in Ranged Weapons
  4693 | D:5      | Reached XP level 7. HP: 44/56 MP: 6/6
  5042 | D:5      | Found a runed translucent door.
  5043 | D:5      | Noticed Crazy Yiuf
  6637 | D:6      | Reached skill level 10 in Ranged Weapons
  7911 | D:6      | Found Xisihism's Distillery.
  7919 | D:6      | Bought 2 potions of curing for 66 gold pieces
  7919 | D:6      | Bought a potion of degeneration for 11 gold pieces
  7919 | D:6      | Bought a potion of lignification for 33 gold pieces
  7919 | D:6      | Bought a potion of haste for 110 gold pieces
  7919 | D:6      | Bought a potion of curing for 33 gold pieces
  7925 | D:6      | Noticed a cyan ugly thing
  7935 | D:6      | Slain by a cyan ugly thing

Illustrated notes

Levels and vault maps discovered:
D:1:      arrival_zaba_pyramid, layout_basic
D:2:      minmay_door_path, layout_rooms, nicolae_ecumenical_snake_handling
D:3:      layout_basic, gammafunk_temple_overflow_wave, uniq_robin
D:4:      nicolae_BIG_FREAKIN_CUBE, layout_cave_pools,
          nicolae_ru_the_path_less_chosen
D:5:      layout_loops_ring, uniq_crazy_yiuf_cottage
D:6:      layout_rooms, minmay_temple_entry_enclosed_plants, serial_shops,
          nicolae_shop_crystal, uniq_maggie

Skill      XL: |  1  2  3  4  5  6  7 |
---------------+----------------------+-----
Stealth        | 1 |  1.0
Ranged Weapons | 5 6 7 9 10 | 10.4
Fighting       | |  2.5
Dodging        | |  2.3

Action                   |  1- 3 |  4- 6 |  7- 9 || total
-------------------------+-------+-------+-------++-------
Melee: Unarmed           |       |     5 |       ||     5
 Fire: Shortbow          |   134 |   190 |   138 ||   462
  Use: Scroll            |       |     7 |     4 ||    11
       Potion            |       |     3 |     3 ||     6
Armor: Leather armour    |    10 |    39 |    16 ||    65
       Skin              |       |     3 |       ||     3
Dodge: Dodged            |    42 |    75 |    32 ||   149
